AoeStats
← LAT_Power_

Arena

509744184Analyzed
2v2 RM · 4d ago on Sep 27, 2026· 48m 44s· 4 players
Game mode
Random Map
Map size
Medium (4 player)
Population
200
Speed
Normal
Resources
Standard
Victory
Conquest
Starting age
Dark Age
Ending age
Imperial Age
RankedLock teamsTeams togetherTeam positionsShared explorationLock speedFull tech treeHidden civsTurbo modeCheats
Victory
Defeat
🇦🇺 Varangians · Australia
1736
+10
🇦🇷 Italians · Argentina
1670
+12
🇲🇽 Mongols · Mexico
1639
-13
🇺🇸 Saracens · United States
1529
-9
gyNNNNN
9:48 Feudal Age
13:53 Castle Age
12:20 Horse Collar
13:33 Double-Bit Axe
16:15 Bow Saw
23:16 Loom
26:25 Imperial Age
24:51 Ballistics
24:52 Fletching
25:40 Bodkin Arrow
27:08 Bracer
34:17 Chemistry
34:53 Masonry
36:39 Two-Man Saw
36:23 Conscription
37:44 Scale Mail Armor
37:54 Forging
38:40 Chain Mail Armor
38:57 Squires
38:42 Arson
39:26 Conscription
39:08 Heavy Plow
40:36 Iron Casting
40:01 Padded Archer Armor
40:53 Plate Mail Armor
43:09 Wheelbarrow
42:20 Town Watch
44:14 Blast Furnace
43:15 Padded Archer Armor
44:52 Elite Genoese Crossbowman
47:44 Leather Archer Armor
49:23 Hand Cart
Kaydos
10:23 Feudal Age
14:03 Castle Age
12:26 Double-Bit Axe
12:22 Horse Collar
21:13 Wheelbarrow
20:30 Town Watch
21:38 Loom
22:41 Bow Saw
22:54 Heavy Plow
24:01 Hand Cart
29:36 Imperial Age
27:48 Ballistics
27:53 Bloodlines
27:48 Husbandry
28:47 Fletching
29:53 Gold Mining
29:54 Stone Mining
30:19 Bodkin Arrow
31:25 Chemistry
30:02 Heavy Mounted Crossbowman
30:02 Cranequins
31:23 Bracer
31:24 Padded Archer Armor
33:29 Coinage
33:02 Elite Skirmisher
33:59 Leather Archer Armor
34:37 Conscription
36:14 Siege Engineers
36:22 Masonry
37:02 Ring Archer Armor
37:27 Banking
39:05 Scale Barding Armor
38:30 Cavalier
38:35 Vendel Legacy
40:07 Chain Barding Armor
39:59 Forging
41:50 Guilds
42:37 Plate Barding Armor
42:38 Iron Casting
42:22 Caravan
42:47 Herbal Medicine
44:32 Blast Furnace
45:48 Two-Man Saw
45:19 Crop Rotation
45:19 Scale Mail Armor
45:51 Architecture
45:02 Treadmill Crane
47:01 Chain Mail Armor
46:12 Elite Varangian Guard
46:38 Arson
46:54 Squires
46:41 Gambesons
46:43 Gothikon
49:25 Stone Shaft Mining
LAT_Power_
2:28 Loom
8:50 Feudal Age
10:46 Loom
15:30 Castle Age
13:51 Double-Bit Axe
16:26 Bow Saw
18:13 Town Watch
19:04 Wheelbarrow
27:58 Imperial Age
25:26 Gold Mining
26:47 Husbandry
26:58 Bloodlines
26:38 Light Cavalry
30:07 Chemistry
29:54 Crossbowman
30:50 Fletching
31:53 Bodkin Arrow
32:55 Ballistics
33:00 Bracer
33:31 Arbalester
35:24 Padded Archer Armor
35:17 Hussar
37:34 Scale Barding Armor
38:49 Chain Barding Armor
38:40 Forging
41:56 Plate Barding Armor
43:21 Iron Casting
43:59 Heavy Camel Rider
MztK | SpAwN
9:41 Feudal Age
10:25 Horse Collar
15:43 Castle Age
14:01 Double-Bit Axe
16:46 Bow Saw
17:12 Loom
17:31 Fletching
18:14 Ballistics
19:42 Bodkin Arrow
31:59 Imperial Age
31:37 Wheelbarrow
31:29 Padded Archer Armor
34:10 Drill
33:14 Onager
34:44 Siege Engineers
34:52 Capped Ram
34:59 Capped Ram
39:05 Heavy Scorpion
41:06 Hand Cart
44:09 Nomads
Connection lost

Rejoining the realm…

Still unreachable

The connection could not be restored.

Session expired

The server has moved on; the page needs a fresh start.